PL
BOSTON PATRIOTS @ GRAFTON MIDDIES
08/09/2020
 
TOP OF THE 1ST
Boston Patriots batting - Pitching for Grafton Middies : LHP Curtis Fields
Pitching: LHP Curtis Fields
Batting: RHB Wilfred McLaughlin 0-0: Ball
1-0: Called Strike
1-1: Called Strike
1-2: Ground out 5-3 (Groundball, 5)
Batting: RHB Bill Sackett 0-0: Ball
1-0: Called Strike
1-1: Ball
2-1: Fly out, F7 (Flyball, 78D)
Batting: LHB Chad Armstrong 0-0: Called Strike
0-1: Foul Ball, location: 2F
0-2: Strikes out swinging
Top of the 1st over - 0 run(s), 0 hit(s), 0 error(s), 0 left on base; Boston 0 - Grafton 0
BOTTOM OF THE 1ST
Grafton Middies batting - Pitching for Boston Patriots : RHP Earnest Casey
Pitching: RHP Earnest Casey
Batting: RHB Raúl Robles 0-0: Swinging Strike
0-1: Ball
1-1: Called Strike
1-2: Ball
2-2: Foul Ball, location: 2F
2-2: Ball
3-2: Strikes out swinging
Batting: RHB Wes Bradley 0-0: Ball
1-0: Swinging Strike
1-1: Foul Ball, location: 2F
1-2: Fly out, F9 (Flyball, 9LM)
Batting: RHB Iván Vargas 0-0: Called Strike
0-1: Swinging Strike
0-2: Fly out, F9 (Flyball, 9M)
Bottom of the 1st over - 0 run(s), 0 hit(s), 0 error(s), 0 left on base; Boston 0 - Grafton 0
TOP OF THE 2ND
Boston Patriots batting - Pitching for Grafton Middies : LHP Curtis Fields
Batting: LHB Bill Chambers 0-0: Ball
1-0: Called Strike
1-1: Foul Ball, location: 2F
1-2: Foul Ball, location: 2F
1-2: Strikes out looking
Batting: RHB Manuel Villarreal 0-0: Called Strike
0-1: Called Strike
0-2: Foul Ball, location: 2F
0-2: Ball
1-2: Ball
2-2: Foul Ball, location: 2F
2-2: Fly out, F8 (Flyball, 78XD)
Batting: RHB Tommy Jones 0-0: Ball
1-0: Foul Ball, location: 2F
1-1: Fly out, F8 (Line Drive, 8LD)
Top of the 2nd over - 0 run(s), 0 hit(s), 0 error(s), 0 left on base; Boston 0 - Grafton 0
BOTTOM OF THE 2ND
Grafton Middies batting - Pitching for Boston Patriots : RHP Earnest Casey
Batting: RHB Curt Phillips 0-0: Foul Ball, location: 2F
0-1: Foul Ball, location: 2F
0-2: Ball
1-2: Ground out 5-3 (Groundball, 56)
Batting: LHB Mathew Rose 0-0: Ball
1-0: Fly out, F9 (Flyball, 89D)
Batting: RHB Justin Bingham 0-0: Ball
1-0: Called Strike
1-1: Foul Ball, location: 2F
1-2: Strikes out swinging
Bottom of the 2nd over - 0 run(s), 0 hit(s), 0 error(s), 0 left on base; Boston 0 - Grafton 0
TOP OF THE 3RD
Boston Patriots batting - Pitching for Grafton Middies : LHP Curtis Fields
Batting: RHB John MacGregor 0-0: Called Strike
0-1: Fly out, F6 (Popup, 6MD)
Batting: SHB Earnest Casey 0-0: Ball
1-0: Foul Ball, location: 2F
1-1: Called Strike
1-2: Ball
2-2: Strikes out looking
Batting: LHB Luis Rodríguez 0-0: Foul Ball, location: 2F
0-1: Called Strike
0-2: Ball
1-2: Ball
2-2: Strikes out swinging
Top of the 3rd over - 0 run(s), 0 hit(s), 0 error(s), 0 left on base; Boston 0 - Grafton 0
BOTTOM OF THE 3RD
Grafton Middies batting - Pitching for Boston Patriots : RHP Earnest Casey
Batting: RHB Pedro Orozco 0-0: Fly out, F8 (Flyball, 8RS)
Batting: RHB Nam-sup Yi 0-0: Swinging Strike
0-1: Called Strike
0-2: Strikes out swinging
Batting: LHB Curtis Fields 0-0: Swinging Strike
0-1: Foul Ball, location: 2F
0-2: Foul Ball, location: 2F
0-2: Foul Ball, location: 2F
0-2: Ball
1-2: Ball
2-2: Strikes out looking
Bottom of the 3rd over - 0 run(s), 0 hit(s), 0 error(s), 0 left on base; Boston 0 - Grafton 0
TOP OF THE 4TH
Boston Patriots batting - Pitching for Grafton Middies : LHP Curtis Fields
Batting: RHB Wilfred McLaughlin 0-0: Ball
1-0: Called Strike
1-1: Ball
2-1: Swinging Strike
2-2: Strikes out swinging
Batting: RHB Bill Sackett 0-0: Called Strike
0-1: SINGLE (Groundball, 56D)
Batting: LHB Chad Armstrong 0-0: Ball
1-0: Ball
2-0: Called Strike
2-1: Grounds into double play, 4-6-3 (Groundball, 34)
Top of the 4th over - 0 run(s), 1 hit(s), 0 error(s), 0 left on base; Boston 0 - Grafton 0
BOTTOM OF THE 4TH
Grafton Middies batting - Pitching for Boston Patriots : RHP Earnest Casey
Batting: RHB Raúl Robles 0-0: Ball
1-0: Ball
2-0: Foul Ball, location: 2F
2-1: Ball
3-1: Fly out, F9 (Flyball, 9M)
Batting: RHB Wes Bradley 0-0: Called Strike
0-1: Ball
1-1: Called Strike
1-2: Foul Ball, location: 2F
1-2: Strikes out looking
Batting: RHB Iván Vargas 0-0: Called Strike
0-1: Ball
1-1: Ball
2-1: Foul Ball, location: 2F
2-2: Ball
3-2: Foul Ball, location: 2F
3-2: Strikes out swinging
Bottom of the 4th over - 0 run(s), 0 hit(s), 0 error(s), 0 left on base; Boston 0 - Grafton 0
TOP OF THE 5TH
Boston Patriots batting - Pitching for Grafton Middies : LHP Curtis Fields
Batting: LHB Bill Chambers 0-0: Ball
1-0: Ground out 3-1 (Groundball, 34)
Batting: RHB Manuel Villarreal 0-0: Called Strike
0-1: Called Strike
0-2: Strikes out swinging
Batting: RHB Tommy Jones 0-0: Called Strike
0-1: Ball
1-1: SINGLE (Line Drive, 56D)
Batting: RHB John MacGregor 0-0: Ball
1-0: Foul Ball, location: 2F
1-1: Ball
2-1: SINGLE (Groundball, 56D)
Tommy Jones to second
Batting: SHB Earnest Casey 0-0: Ball
1-0: Ball
2-0: Ball
3-0: Base on Balls
Tommy Jones to third
John MacGregor to second
Batting: LHB Luis Rodríguez 0-0: Swinging Strike
0-1: Swinging Strike
0-2: Foul Ball, location: 2F
0-2: Strikes out swinging
Top of the 5th over - 0 run(s), 2 hit(s), 0 error(s), 3 left on base; Boston 0 - Grafton 0
BOTTOM OF THE 5TH
Grafton Middies batting - Pitching for Boston Patriots : RHP Earnest Casey
Batting: RHB Curt Phillips 0-0: Ball
1-0: Called Strike
1-1: Foul Ball, location: 2F
1-2: Ball
2-2: Strikes out swinging
Batting: LHB Mathew Rose 0-0: Called Strike
0-1: Ball
1-1: Fly out, F2 (Popup, 25F)
Batting: RHB Justin Bingham 0-0: Ball
1-0: Called Strike
1-1: Swinging Strike
1-2: Fly out, F8 (Flyball, 8LM)
Bottom of the 5th over - 0 run(s), 0 hit(s), 0 error(s), 0 left on base; Boston 0 - Grafton 0
TOP OF THE 6TH
Boston Patriots batting - Pitching for Grafton Middies : LHP Curtis Fields
Batting: RHB Wilfred McLaughlin 0-0: Called Strike
0-1: Ball
1-1: Ball
2-1: Fly out, F8 (Flyball, 8RM)
Batting: RHB Bill Sackett 0-0: Foul Ball, location: 2F
0-1: Swinging Strike
0-2: Ball
1-2: Ball
2-2: Ball
3-2: Base on Balls
Pitching: RHP Mark Simmons
Now at SS: Brent Barlow
Batting: LHB Chad Armstrong 0-0: Ball
1-0: Called Strike
1-1: Fly out, F3 (Line Drive, 34)
1-1: Lined into DP, U3 (Line Drive, 34)
Top of the 6th over - 0 run(s), 0 hit(s), 0 error(s), 0 left on base; Boston 0 - Grafton 0
BOTTOM OF THE 6TH
Grafton Middies batting - Pitching for Boston Patriots : RHP Earnest Casey
Batting: RHB Pedro Orozco 0-0: Ground out 5-3 (Groundball, 6S)
Batting: RHB Nam-sup Yi 0-0: Called Strike
0-1: Ground out 6-3 (Groundball, 6M)
Batting: RHB Brent Barlow 0-0: Ball
1-0: Called Strike
1-1: Swinging Strike
1-2: Strikes out swinging
Bottom of the 6th over - 0 run(s), 0 hit(s), 0 error(s), 0 left on base; Boston 0 - Grafton 0
TOP OF THE 7TH
Boston Patriots batting - Pitching for Grafton Middies : RHP Mark Simmons
Batting: LHB Bill Chambers 0-0: Called Strike
0-1: Ground out 1-3 (Groundball, 13)
Batting: RHB Manuel Villarreal 0-0: Ball
1-0: Ground out 6-3 (Groundball, 56)
Batting: RHB Tommy Jones 0-0: Called Strike
0-1: Ball
1-1: SINGLE (Line Drive, 89S)
Batting: RHB John MacGregor 0-0: Ball
1-0: Called Strike
1-1: Ball
2-1: Ball
3-1: SINGLE (Line Drive, 7LS)
Tommy Jones to second
Batting: SHB Earnest Casey 0-0: Ball
1-0: Foul Ball, location: 2F
1-1: SINGLE (Line Drive, 4D)
Tommy Jones to third
John MacGregor to second
Runner from 3rd tries for Home, SAFE, no throw or cutoff
Batting: LHB Luis Rodríguez 0-0: Called Strike
0-1: Foul Ball, location: 2F
0-2: Ball
1-2: DOUBLE (Line Drive, 89D)
John MacGregor scores
Earnest Casey to third
Batting: RHB Wilfred McLaughlin 0-0: Swinging Strike
0-1: Ball
1-1: Ground out 6-3 (Groundball, 6MD)
Top of the 7th over - 2 run(s), 4 hit(s), 0 error(s), 2 left on base; Boston 2 - Grafton 0
BOTTOM OF THE 7TH
Grafton Middies batting - Pitching for Boston Patriots : RHP Earnest Casey
Batting: RHB Raúl Robles 0-0: Ball
1-0: Ball
2-0: Called Strike
2-1: Called Strike
2-2: Ball
3-2: SINGLE (Groundball, 6) (infield hit)
Pinch Hitting: RHB José Peña 0-0: Ball
1-0: Called Strike
1-1: Called Strike
1-2: Foul Ball, location: 2F
1-2: Strikes out swinging
Batting: RHB Iván Vargas 0-0: Called Strike
0-1: Swinging Strike
0-2: Ball
1-2: Ball
2-2: DOUBLE (Line Drive, 78S)
Raúl Robles to third
Pinch Runner at 2nd Guillermo Romero:
Batting: RHB Curt Phillips 0-0: Called Strike
0-1: Ball
1-1: Ball
2-1: Fly out, F7 (Line Drive, 78M)
Runner from 3rd tags up, SCORES, throw made
Pinch Hitting: RHB José Álvarez 0-0: SINGLE (Flyball, 9S)
Guillermo Romero to third
Runner from 3rd tries for Home, SAFE, no throw or cutoff
Batting: RHB Justin Bingham 0-0: Called Strike
0-1: Ball
1-1: SINGLE (Groundball, 6MD)
José Álvarez to second
Batting: RHB Pedro Orozco 0-0: Ball
1-0: Fielders Choice at 2nd, 5-4 (Groundball, 56)
Bottom of the 7th over - 2 run(s), 4 hit(s), 0 error(s), 1 left on base; Boston 2 - Grafton 2
TOP OF THE 8TH
Boston Patriots batting - Pitching for Grafton Middies : RHP Mark Simmons
Pitching: RHP Paco Vélez
Now at 3B: Guillermo Romero
Now in LF: José Álvarez
Batting: RHB Bill Sackett 0-0: Ball
1-0: Ball
2-0: Ball
3-0: Base on Balls
Batting: LHB Chad Armstrong 0-0: SINGLE (Line Drive, 6MD)
Bill Sackett to second
Batting: LHB Bill Chambers 0-0: Called Strike
0-1: Foul Ball, location: 2F
0-2: Fly out, F7 (Line Drive, 7M)
Batting: RHB Manuel Villarreal 0-0: Ball
1-0: Foul Ball, location: 2F
1-1: Ball
2-1: Called Strike
2-2: Foul Ball, location: 2F
2-2: Ball
3-2: Base on Balls
Bill Sackett to third
Chad Armstrong to second
Batting: RHB Tommy Jones 0-0: Foul Ball, location: 2F
0-1: Ball
1-1: Swinging Strike
1-2: Strikes out swinging
Batting: RHB John MacGregor 0-0: Ball
1-0: Foul Ball, location: 2F
1-1: Foul Ball, location: 2F
1-2: Foul Ball, location: 2F
1-2: Ground out 5-3 (Groundball, 56)
Top of the 8th over - 0 run(s), 1 hit(s), 0 error(s), 3 left on base; Boston 2 - Grafton 2
BOTTOM OF THE 8TH
Grafton Middies batting - Pitching for Boston Patriots : RHP Earnest Casey
Batting: RHB Nam-sup Yi 0-0: Called Strike
0-1: Ball
1-1: Called Strike
1-2: Foul Ball, location: 2F
1-2: Ball
2-2: Foul Ball, location: 2F
2-2: Ball
3-2: Base on Balls
Batting: RHB Brent Barlow 0-0: Sac Bunt - play at first, batter OUT! 1-4
Nam-sup Yi to second
Batting: RHB Raúl Robles 0-0: Called Strike
0-1: Foul Ball, location: 2F
0-2: Foul Ball, location: 2F
0-2: Strikes out swinging
Pinch Hitting: RHB Mal Bussard 0-0: Called Strike
0-1: Ball
1-1: Ball
2-1: Ball
3-1: Base on Balls
Pitching: RHP Edgardo Marín
Now in CF: Roberto Rodríguez
Batting: LHB Guillermo Romero 0-0: Ball
1-0: Ball
2-0: Ball
3-0: Called Strike
3-1: Foul Ball, location: 2F
3-2: Foul Ball, location: 2F
3-2: Ground out 3-1 (Groundball, 3)
Bottom of the 8th over - 0 run(s), 0 hit(s), 0 error(s), 2 left on base; Boston 2 - Grafton 2
TOP OF THE 9TH
Boston Patriots batting - Pitching for Grafton Middies : RHP Paco Vélez
Pitching: RHP Frank Morse
Pinch Hitting: LHB Jake Shelton 0-0: Ball
1-0: Swinging Strike
1-1: Called Strike
1-2: Ball
2-2: Ball
3-2: Strikes out swinging
Batting: LHB Luis Rodríguez 0-0: Ball
1-0: Reached on error, E3 (Groundball, 3L)
Batting: RHB Wilfred McLaughlin 0-0: Fly out, F7 (Line Drive, 7M)
Batting: RHB Bill Sackett 0-0: Swinging Strike
0-1: Ball
1-1: Foul Ball, location: 2F
1-2: Foul Ball, location: 2F
1-2: Strikes out swinging
Top of the 9th over - 0 run(s), 0 hit(s), 1 error(s), 1 left on base; Boston 2 - Grafton 2
BOTTOM OF THE 9TH
Grafton Middies batting - Pitching for Boston Patriots : RHP Edgardo Marín
Now in LF: Jake Shelton
Batting: RHB Curt Phillips 0-0: Ball
1-0: Called Strike
1-1: Ground out 5-3 (Groundball, 56)
Batting: RHB José Álvarez 0-0: Called Strike
0-1: Fly out, F9 (Line Drive, 9M)
Batting: RHB Justin Bingham 0-0: Swinging Strike
0-1: Foul Ball, location: 2F
0-2: Foul Ball, location: 2F
0-2: Strikes out swinging
Bottom of the 9th over - 0 run(s), 0 hit(s), 0 error(s), 0 left on base; Boston 2 - Grafton 2
TOP OF THE 10TH
Boston Patriots batting - Pitching for Grafton Middies : RHP Frank Morse
Batting: LHB Chad Armstrong 0-0: Ball
1-0: Called Strike
1-1: Called Strike
1-2: Strikes out swinging
Batting: LHB Bill Chambers 0-0: Ball
1-0: Ball
2-0: Swinging Strike
2-1: Swinging Strike
2-2: Ball
3-2: Strikes out swinging
Batting: RHB Manuel Villarreal 0-0: Ball
1-0: Called Strike
1-1: Ball
2-1: Foul Ball, location: 2F
2-2: Foul Ball, location: 2F
2-2: Ball
3-2: Base on Balls
Pinch Hitting: RHB Manuel Romo 0-0: Fly out, F9 (Flyball, 89S)
Top of the 10th over - 0 run(s), 0 hit(s), 0 error(s), 1 left on base; Boston 2 - Grafton 2
BOTTOM OF THE 10TH
Grafton Middies batting - Pitching for Boston Patriots : RHP Edgardo Marín
Pitching: RHP Don Miller
Batting: RHB Pedro Orozco 0-0: Ball
1-0: Ball
2-0: Called Strike
2-1: Foul Ball, location: 2F
2-2: Strikes out swinging
Batting: RHB Nam-sup Yi 0-0: Ball
1-0: Ball
2-0: Ball
3-0: Called Strike
3-1: Ground out 6-3 (Groundball, 6)
Batting: RHB Brent Barlow 0-0: Called Strike
0-1: Foul Ball, location: 2F
0-2: Strikes out looking
Bottom of the 10th over - 0 run(s), 0 hit(s), 0 error(s), 0 left on base; Boston 2 - Grafton 2
TOP OF THE 11TH
Boston Patriots batting - Pitching for Grafton Middies : RHP Frank Morse
Pitching: RHP Bill Ball
Now in CF: Brady Ferris
Batting: RHB John MacGregor 0-0: Ball
1-0: Ball
2-0: Called Strike
2-1: Foul Ball, location: 2F
2-2: DOUBLE (Flyball, 8LXD)
Batting: LHB Jake Shelton 0-0: Ball
1-0: Ground out 4-3 (Groundball, 4)
John MacGregor to third
Batting: LHB Luis Rodríguez 0-0: Called Strike
0-1: Ball
1-1: Ball
2-1: Fly out, F7 (Flyball, 7LMF)
Runner from 3rd tags up, SCORES, throw made
Batting: RHB Wilfred McLaughlin 0-0: Ball
1-0: Called Strike
1-1: Foul Ball, location: 2F
1-2: Ball
2-2: Foul Ball, location: 2F
2-2: Foul Ball, location: 2F
2-2: Ball
3-2: Foul Ball, location: 2F
3-2: Foul Ball, location: 2F
3-2: Foul Ball, location: 2F
3-2: Foul Ball, location: 2F
3-2: Base on Balls
Batting: RHB Bill Sackett 0-0: Swinging Strike
0-1: Foul Ball, location: 2F
0-2: Ball
1-2: Ball
Wilfred McLaughlin steals 2nd base
2-2: Ball
3-2: Strikes out swinging
Top of the 11th over - 1 run(s), 1 hit(s), 0 error(s), 1 left on base; Boston 3 - Grafton 2
BOTTOM OF THE 11TH
Grafton Middies batting - Pitching for Boston Patriots : RHP Don Miller
Batting: RHB Raúl Robles 0-0: Swinging Strike
0-1: Fly out, F9 (Line Drive, 9M)
Batting: RHB Brady Ferris 0-0: Called Strike
0-1: Ground out 1-3 (Groundball, 13)
Batting: LHB Guillermo Romero 0-0: Called Strike
0-1: Foul Ball, location: 2F
0-2: Ground out 4-3 (Groundball, 4M)
Bottom of the 11th over - 0 run(s), 0 hit(s), 0 error(s), 0 left on base; Boston 3 - Grafton 2
This league is powered by Out of the Park Baseball, the baseball management simulation game for PC, Mac and Linux
Friday, October 23rd, 2015 - OOTP Baseball 16.9 Build 39